 Dungeon Crawl Stone Soup version 0.28-a0-1212-gc6b4282bc0 (webtiles) character file.

Game seed: 16243295800748567127

863 Fortus the Chopper (level 8, -2/58 HPs)
             Began as a Formicid Fighter on Dec 21, 2021.
             Was a Believer of Dithmenos.
             Slain by a killer bee (7 damage)
             ... on level 4 of the Dungeon.
             The game lasted 00:09:50 (4817 turns).

Fortus the Chopper (Formicid Fighter)               Turns: 4817, Time: 00:09:52

Health: -2/58      AC:  8    Str: 24    XL:     8   Next: 23%
Magic:  8/8        EV:  9    Int:  7    God:    Dithmenos [**....]
Gold:   143        SH:  4    Dex: 10    Spells: 7/7 levels left

rFire   + . .      SeeInvis +   a - +0 war axe
rCold   . . .      Faith    .   c - +0 buckler
rNeg    . . .      Spirit   .   b - +0 scale mail
rPois   .          Reflect  .   (helmet unavailable)
rElec   .          Harm     .   (no cloak)
rCorr   .          Rampage  .   t - +0 pair of gloves
Will    .....      Clarity  +   (no boots)
Stlth   ++........              (no amulet)
HPRegen 0.19/turn               e - ring of protection from fire
MPRegen 0.11/turn               (no ring)

@: lethally poisoned (-2 -> -13), flying, wreathed by umbra
A: permanent stasis, dig shafts and tunnels, antennae 3, four strong arms,
talons 1, clarity
a: Dig, Shaft Self, Renounce Religion, Shadow Step


You were on level 4 of the Dungeon.
You worshipped Dithmenos.
Dithmenos was pleased with you.
You visited 1 branch of the dungeon, and saw 5 of its levels.

You collected 143 gold pieces.

Inventory:

Hand Weapons
 a - a +0 war axe (weapon)
Armour
 b - a +0 scale mail (worn)
 c - a +0 buckler (worn)
 o - a +0 plate armour
 t - a +0 pair of gloves (worn)
Jewellery
 e - a ring of protection from fire (left hand)
Scrolls
 d - 2 scrolls of acquirement {unknown}
 f - a scroll of fog {unknown}
 h - 8 scrolls of identify {unknown}
 i - a scroll of noise {unknown}
 l - 6 scrolls of teleportation {unknown}
 m - 2 scrolls of magic mapping {unknown}
 p - 3 scrolls of enchant armour {unknown}
Potions
 g - a potion of flight
 j - a potion of berserk rage
 k - 2 potions of degeneration {unknown}
 n - a potion of resistance {unknown}
 r - 2 potions of attraction {unknown}
 s - 2 potions of mutation


   Skills:
 - Level 3.2 Fighting
 * Level 7.6 Axes
 - Level 3.2 Armour
 + Level 6.0 Stealth
 - Level 3.6 Shields


You had 7 spell levels left.
You didn't know any spells.
Your spell library contained the following spells:

 Spells                   Type           Power      Damage    Failure   Level
 Apportation              Tloc           0%         N/A       75%         1
 Beastly Appendage        Tmut           0%         N/A       75%         1
 Wereblood                Tmut           0%         N/A       86%         2
 Spider Form              Tmut/Pois      0%         N/A       98%         3
 Alistair's Intoxication  Tmut/Pois      0%         N/A       100%        5


Dungeon Overview and Level Annotations

Branches:
Dungeon (5/15)
 Temple: D:4-7

Altars:
Dithmenos


Innate Abilities, Weirdness & Mutations

You cannot be hasted, slowed, berserked, paralysed or teleported.
You can dig through walls and to a lower floor.
You have a pair of large antennae on your head. (SInv)
Your four strong arms can wield two-handed weapons with a shield.
You have sharp toenails.
You possess an exceptional clarity of mind.


Message History

There is a stone staircase leading up here.
You feel very sick.
The killer bee stings you but does no damage.
The killer bee barely misses you. The killer bee closely misses you.
The adder barely misses you. The killer bee barely misses you.
You climb upwards.
You feel very sick.
There is a stone staircase leading down here.
It was a potion of mutation.
You feel extremely strange.
Your thoughts seem clearer.
Your toenails lengthen and sharpen.
You feel sick. You block the killer bee's attack. x2
The adder bites you but does no damage. The killer bee barely misses you.
The killer bee stings you.
* * * LOW HITPOINT WARNING * * *
It was a potion of flight.
You feel very buoyant.
You fly up into the air.
You feel sick. The killer bee stings you.
* * * LOW HITPOINT WARNING * * *
You block the killer bee's attack. The adder bites you but does no damage.
The killer bee barely misses you. x2; The adder barely misses you.
It was a potion of berserk rage.
Your stasis prevents you from going berserk.
You feel sick. The killer bee completely misses you.
The killer bee closely misses you. The killer bee stings you.
* * * LOW HITPOINT WARNING * * *
The killer bee stings you but does no damage.
The adder closely misses you.
It was a potion of curing.
You feel better. The killer bee stings you.
* * * LOW HITPOINT WARNING * * *
You block the killer bee's attack. The killer bee stings you.
* * * LOW HITPOINT WARNING * * *
The adder bites you but does no damage.
The killer bee stings you but does no damage.
You feel better. The killer bee stings you.
* * * LOW HITPOINT WARNING * * *
You are lethally poisoned!
The killer bee poisons you! The killer bee stings you.
* * * LOW HITPOINT WARNING * * *
The adder barely misses you. The killer bee stings you!
You die...

##.....#...............#..
#......#........#..#...#..
##.....##..##....##.#...<..
#..........##.#...#......#.
#.......#..>.....#....#####
##..##..##..........#######
#.###.....#......##..(..#.
##.####...#.............#.
##.)##...y@#...............
##....#...y.S..)...##.....#.
#........#.........##....###
#......###.........##...##.#
##.......#...............>#..
##............................
#................#............
###....(.........#............
##.........##..#............


You could see 2 killer bees and an adder.

Vanquished Creatures
  3 black bears
  A necrophage (D:4)
  An ogre (D:4)
  A howler monkey (D:4)
  5 hounds
  Jessica (D:2)
  An iguana (D:4)
  A hound zombie (D:3)
  A hound skeleton (D:4)
  3 gnolls (D:4)
  3 adders
  2 white imps (D:4)
  2 worms
  A dart slug (D:1)
  6 orcs
  6 endoplasms
  3 giant cockroaches
  7 goblins
  4 hobgoblins
  5 jackals
  4 kobolds
  8 quokkas
  4 ball pythons
  5 bats
  5 frilled lizards
  2 rats
85 creatures vanquished.

Notes
Turn   | Place    | Note
-------+----------+-------------------------------------------
     0 | D:1      | Fortus the Formicid Fighter began the quest for the Orb.
     0 | D:1      | Reached XP level 1. HP: 18/18 MP: 1/1
   299 | D:1      | Reached XP level 2. HP: 24/24 MP: 2/2
   370 | D:1      | Reached skill level 3 in Axes
   434 | D:1      | Reached XP level 3. HP: 24/29 MP: 3/3
   540 | D:1      | Found a faded altar of an unknown god.
   652 | D:1      | Got Plato's Disquisition on Orientation
   654 | D:1      | Prayed at the altar of an unknown god.
   654 | D:1      | Became a worshipper of Dithmenos the Shadowed
   654 | D:1      | Reached * piety under Dithmenos
  1466 | D:2      | Noticed Jessica
  1477 | D:2      | Killed Jessica
  1478 | D:2      | Reached skill level 4 in Axes
  1478 | D:2      | Reached skill level 1 in Stealth
  1478 | D:2      | Reached XP level 4. HP: 26/35 MP: 4/4
  2355 | D:3      | Noticed a black bear
  2510 | D:3      | Reached ** piety under Dithmenos
  2516 | D:3      | Reached XP level 5. HP: 39/41 MP: 5/5
  2579 | D:3      | Noticed a black bear
  2641 | D:3      | Killed a black bear
  2642 | D:3      | Reached skill level 5 in Axes
  2642 | D:3      | Reached XP level 6. HP: 32/47 MP: 6/6
  2645 | D:3      | Killed a black bear
  3260 | D:4      | Noticed a necrophage
  3276 | D:4      | Killed a necrophage
  3277 | D:4      | Reached skill level 6 in Axes
  3277 | D:4      | Reached XP level 7. HP: 37/51 MP: 7/7
  3513 | D:4      | Reached skill level 5 in Stealth
  3959 | D:4      | Reached skill level 7 in Axes
  4123 | D:4      | Reached XP level 8. HP: 58/58 MP: 8/8
  4441 | D:5      | Entered Level 5 of the Dungeon
  4813 | D:4      | Gained mutation: You possess an exceptional clarity of
                  | mind. [potion of mutation]
  4813 | D:4      | Gained mutation: You have sharp toenails. [potion of
                  | mutation]
  4817 | D:4      | Slain by a killer bee

Illustrated notes

Levels and vault maps discovered:
D:1:      saegor_arrival_simple_b, layout_basic,
          shapermc_ecumenical_altar_rom_forum
D:2:      layout_basic, uniq_jessica
D:3:      layout_basic
D:4:      layout_cave_pools, grunt_ministairs_12
D:5:      layout_basic, good_gods_temple_1, nicolae_specific_store,
          uniq_menkaure

Skill      XL: |  1  2  3  4  5  6  7  8 |
---------------+-------------------------+-----
Axes           | 3 4 5 6 7 |  7.6
Stealth        | 1 2 3 4 5 6 |  6.0
Fighting       | |  3.2
Armour         | |  3.2
Shields        | |  3.6

Action                   |  1- 3 |  4- 6 |  7- 9 || total
-------------------------+-------+-------+-------++-------
Melee: War axe           |   102 |   100 |    94 ||   296
 Abil: Dig               |     2 |     6 |     5 ||    13
  Use: Potion            |       |     1 |     5 ||     6
Armor: Scale mail        |    42 |    38 |    54 ||   134
Dodge: Dodged            |    47 |    62 |    77 ||   186
Block: Buckler           |    30 |    22 |    28 ||    80

Table legend: (Time is in decaauts)
 A = Elapsed time spent in this place.
 B = Non-inter-level travel time spent in this place.
 C = Inter-level travel time spent in this place.
 D = Time resting spent in this place.
 E = Time spent auto-exploring this place.
 F = Levels seen in this place.
 G = Mean time per level.
                   A        B        C        D        E       F      G
               +--------+--------+--------+--------+--------+-----+--------+
         Total |   4904 |   4662 |    242 |    832 |   2851 |   5 |  980.8 |
       Dungeon |   4904 |   4662 |    242 |    832 |   2851 |   5 |  980.8 |
               +--------+--------+--------+--------+--------+-----+--------+

Top non-repeatable levels by time:
     D:4: 1327 daAuts
     D:1: 1215 daAuts
     D:3: 1181 daAuts
     D:2: 877 daAuts
     D:5: 303 daAuts
